 Dungeon Crawl Stone Soup version 0.25-a0-413-g3b4b6a4ccc (webtiles) character file.

Game seed: 3888396911601073414, levelgen mode: deterministic

23 Anathary the Scratcher (level 2, -2/12 HPs)
             Began as a Felid Transmuter on Jan 16, 2020.
             Slain by a goblin
             ... wielding a +0 club
             ... led by Robin
              (3 damage)
             ... on level 2 of the Dungeon.
             The game lasted 00:03:09 (865 turns).

Anathary the Scratcher (Felid Transmuter)            Turns: 865, Time: 00:03:09

Health: -2/12      AC:  1    Str:  6    XL:     2   Next: 72%
Magic:  4/6        EV: 18    Int: 14    God:
Gold:   50         SH:  0    Dex: 16    Spells: 4/5 levels left
                                        Lives:  0   Deaths: 0

rFire    . . .     SeeInvis +     - Unarmed
rCold    . . .     Gourm    .   (shield unavailable)
rNeg     . . .     Faith    .   (armour unavailable)
rPois    .         Spirit   .   (helmet unavailable)
rElec    .         Reflect  .   (cloak unavailable)
rCorr    .         Harm     .   (gloves unavailable)
MR       .....                  (boots unavailable)
Stlth    ++........             (no amulet)
HPRegen  0.04/turn              (no ring)
MPRegen  0.10/turn              (no ring)

@: lethally poisoned (-2 -> -9), appendage, quick
A: very small, no armour, no weapons or thrown items, stealth, claws 1, fangs 3,
horns 2, see invisible, carnivore, speed 1, shaggy fur 1, slow metabolism 1,
sharp paws
a: End Transformation


You were on level 2 of the Dungeon.
You were not hungry.
You had grown temporary horns.
You visited 1 branch of the dungeon, and saw 2 of its levels.

You collected 50 gold pieces.

Inventory:

Missiles
 a - 12 arrows
Scrolls
 d - a scroll of amnesia {unknown}
Potions
 b - a potion of degeneration {unknown}
 e - a potion of curing {unknown}
 f - a potion of heal wounds {unknown}
Comestibles
 c - 2 rations


   Skills:
 + Level 1.0 Fighting
 + Level 2.9 Dodging
 + Level 0.2 Stealth
 + Level 3.5 Unarmed Combat
 + Level 2.3 Spellcasting
 + Level 2.4 Transmutations


You had 4 spell levels left.
You knew the following spells:

 Your Spells              Type           Power        Failure   Level  Hunger
a - Beastly Appendage     Tmut           #.....       9%          1    #......

Your spell library contained the following spells:

 Spells                   Type           Power        Failure   Level  Hunger
 Sticks to Snakes         Tmut           #.......     13%         2    ###....
 Spider Form              Tmut/Pois      #.........   38%         3    ###....
 Ice Form                 Ice/Tmut       #.......     80%         4    #####..
 Blade Hands              Tmut           #.........   93%         5    ######.


Dungeon Overview and Level Annotations

Branches:
Dungeon (2/15)

Altars:

Annotations:
D:2 Robin


Innate Abilities, Weirdness & Mutations

You cannot wear armour.
You are incapable of wielding weapons or throwing items.
Your paws allow you to move quietly. (Stealth)
You have sharp claws.
You have razor-sharp teeth.
You have supernaturally acute eyesight. (SInv)
You are carnivorous and can eat meat at any time.
You cover ground quickly.
You are covered in fur. (AC +1)
You have a slow metabolism.
Your sharp claws are effective at attacking unaware monsters.
You have a pair of horns on your head.


Message History

You barely miss the adder.
You feel sick. The adder misses you.
You miss the adder. Your bite misses the adder.
A goblin comes into view.
The hobgoblin hits you with a +0 club. The dart slug closely misses you.
The adder misses you.
Unknown command.
You barely miss the adder.
You feel sick. The adder closely misses you. The hobgoblin barely misses you.
The dart slug completely misses you.
You scratch the adder. Your headbutt misses the adder.
The adder is moderately wounded.
The adder barely misses you.
A goblin comes into view. It is wielding a +0 club.
Robin throws the goblin at you! The hobgoblin hits you with a +0 club.
* * * LOW HITPOINT WARNING * * *
The adder completely misses you.
You scratch the adder. Your headbutt misses the adder.
The adder is severely wounded.
A hobgoblin comes into view. It is wielding a +0 club.
The hobgoblin closely misses you. The goblin hits you with a +0 club.
You die...

.###.##
....... ##
...)... ..
#..... ##.
#..... .. .
#.....#.###...
#...S).....#
#...g@w.#
#.....g.g....#
..#..g..##.#.#
#gg...# #
#.g..## #...#.
#g.#### ..g


You could see Robin, an adder, a dart slug, 3 hobgoblins and 5 goblins.

Vanquished Creatures
  2 bats (D:1)
  A giant cockroach (D:1)
  2 goblins (D:1)
  5 hobgoblins (D:1)
  3 jackals (D:1)
  A ball python (D:1)
  2 frilled lizards (D:1)
  2 kobolds
  3 rats (D:1)
21 creatures vanquished.

Notes
Turn   | Place    | Note
-------+----------+-------------------------------------------
     0 | D:1      | Anathary the Felid Transmuter began the quest for the Orb.
     0 | D:1      | Reached XP level 1. HP: 9/9 MP: 4/4
     6 | D:1      | Noticed a black bear
     6 | D:1      | Noticed an anaconda
     6 | D:1      | Noticed a worker ant
    13 | D:1      | Noticed a hog
   141 | D:1      | Reached XP level 2. HP: 7/12 MP: 4/6
   859 | D:2      | Noticed Robin
   865 | D:2      | Slain by a goblin

Levels and vault maps discovered:
D:1:      onia_arrival_zoo_common, layout_basic
D:2:      layout_rooms, nemelex_altar_shiori, uniq_robin

Action                   || total
-------------------------++-------
Melee: Unarmed           ||    51
       Headbutt          ||     3
       Bite              ||     3
 Cast: Beastly Appendage ||     8
 Stab: Sleeping          ||     2
Dodge: Dodged            ||    35

Table legend:
 A = Non-vault XP
 B = Vault XP
 C = Vault XP percentage of total XP
 D = Non-vault monster count
 E = Vault monster count
 F = Vault count percentage of total count
                 A         B        C        D         E       F
            +---------+---------+-------+---------+---------+-------
      Total |      33 |       0 |   0.0 |      21 |       0 |   0.0
            +---------+---------+-------+---------+---------+-------
        D:1 |      31 |       0 |   0.0 |      20 |       0 |   0.0
        D:2 |       2 |       0 |   0.0 |       1 |       0 |   0.0
            +---------+---------+-------+---------+---------+-------
